 Dungeon Crawl Stone Soup version 0.29-a0-317-gd16b76e6b1 (webtiles) character file.

Game seed: 8739314766699276282

100 Dabor the Insei (level 4, -1/39 HPs)
             Began as a Naga Transmuter on Mar 31, 2022.
             Slain by a gnoll
             ... wielding a +0 whip
              (4 damage)
             ... on level 2 of the Dungeon.
             The game lasted 00:04:38 (3033 turns).

Dabor the Insei (Naga Transmuter)                   Turns: 3033, Time: 00:04:38

Health: -1/39      AC:  2    Str: 13    XL:     4   Next: 73%
Magic:  8/8        EV: 10    Int: 13    God:
Gold:   132        SH:  0    Dex: 13    Spells: 5/8 levels left

rFire   . . .      SeeInvis +     - Unarmed
rCold   . . .      Faith    .   (no shield)
rNeg    . . .      Spirit   .   a - +0 robe
rPois   +          Reflect  .   (no helmet)
rElec   .          Harm     .   (no cloak)
rCorr   .          Rampage  .   (no gloves)
Will    .....                   (no barding)
Stlth   ++........              (no amulet)
HPRegen 0.13/turn               (no ring)
MPRegen 0.11/turn               (no ring)

@: short of breath, very slow
A: AC +1, large, see invisible, deformed body, poison resistance, slowness 2,
spit poison 1, naga tail 1
a: Spit Poison


You were on level 2 of the Dungeon.
You visited 1 branch of the dungeon, and saw 2 of its levels.

You collected 132 gold pieces.

Inventory:

Armour
 a - a +0 robe (worn)
Scrolls
 c - 2 scrolls of identify {unknown}
 d - a scroll of vulnerability {unknown}
 e - a scroll of enchant weapon
Potions
 b - 2 potions of lignification
 f - a potion of mutation {unknown}


   Skills:
 + Level 2.0 Fighting
 + Level 2.1 Dodging
 + Level 1.1 Stealth
 + Level 3.5 Unarmed Combat
 + Level 2.6 Spellcasting
 + Level 2.6 Transmutations


You had 5 spell levels left.
You knew the following spells:

 Your Spells              Type           Power      Damage    Failure   Level
a - Beastly Appendage     Tmut           16%        N/A       9%          1
b - Wereblood             Tmut           8%         N/A       12%         2

Your spell library contained the following spells:

 Spells                   Type           Power      Damage    Failure   Level
 Spider Form              Tmut/Pois      5%         N/A       38%         3
 Ice Form                 Ice/Tmut       5%         N/A       80%         4


Dungeon Overview and Level Annotations

Branches:
Dungeon (2/15)

Altars:


Innate Abilities, Weirdness & Mutations

Your serpentine skin is tough. (AC +1)
You have supernaturally acute eyesight. (SInv)
Armour fits poorly on your strangely shaped body.
Your system is resistant to poisons. (rPois)
You cover ground very slowly.
You can spit poison.
You have a snake-like lower body.


Message History

You hit the gnoll. You headbutt the gnoll.
The gnoll is almost dead.
The gnoll barely misses you.
You hit the gnoll.
You kill the gnoll!
Your Fighting skill increases to level 2!
You hit the gnoll. You headbutt the gnoll!
The gnoll is severely wounded.
You have got your breath back.
The gnoll hits you with a +0 whip.
You closely miss the gnoll.
The gnoll is severely wounded.
The gnoll barely misses you.
You closely miss the gnoll.
The gnoll is severely wounded.
Your horns disappear.
The gnoll barely misses you.
You closely miss the gnoll.
The gnoll is severely wounded.
You barely miss the gnoll.
The gnoll is severely wounded.
The gnoll misses you.
You hit the gnoll but do no damage.
The gnoll is severely wounded.
The gnoll hits you with a +0 whip.
You hit the gnoll.
The gnoll is almost dead.
The gnoll hits you but does no damage.
You hit the gnoll but do no damage. Your punch misses the gnoll.
The gnoll is almost dead.
The gnoll hits you with a +0 whip!
You barely miss the gnoll.
The gnoll is almost dead.
The gnoll hits you with a +0 whip!
* * * LOW HITPOINT WARNING * * *
Aiming: Spit Poison (1% risk of failure)
Press: ? - help, Shift-Dir - straight line, f - gnoll
Aim: a gnoll, wielding a +0 whip (almost dead, 65% to hit)
The splash of poison misses the gnoll.
The gnoll hits you with a +0 whip.
You die...

###....<...[#######
..................#
#.........#####.# #
##....###.# #.#
#.##.....##.# #.#
.#.......###.# #.#
........## #.# #.# .
#####.#.####.# #>#
#....g@..# #.##
###'###### #..# #..> ##.#
#..g.g ###.# #.......
##.#.#
#....g....####....#######
+.........+..............
#.........####....#######
##.#.#


You could see a gnoll.

Vanquished Creatures
  3 gnolls (D:2)
  2 adders (D:2)
  A worm (D:2)
  A dart slug (D:1)
  4 ball pythons (D:1)
  4 endoplasms
  A giant cockroach (D:2)
  3 goblins
  9 hobgoblins
  2 jackals (D:2)
  A quokka (D:1)
  2 bats (D:2)
  2 frilled lizards (D:1)
  8 kobolds
  3 rats
46 creatures vanquished.

Notes
Turn   | Place    | Note
-------+----------+-------------------------------------------
     0 | D:1      | Dabor the Naga Transmuter began the quest for the Orb.
     0 | D:1      | Reached XP level 1. HP: 18/18 MP: 3/3
   635 | D:1      | Reached XP level 2. HP: 22/25 MP: 5/5
  1474 | D:1      | Reached XP level 3. HP: 21/31 MP: 4/6
  2481 | D:2      | Learned a level 2 spell: Wereblood
  2568 | D:2      | Reached XP level 4. HP: 36/39 MP: 7/7
  3022 | D:2      | Reached skill level 1 in Stealth
  3033 | D:2      | Slain by a gnoll

Illustrated notes

Levels and vault maps discovered:
D:1:      dpeg_arrival_oval, layout_basic, hangedman_decor_clover_reticule,
          corexii_item_surrounded_by_moat, item_on_display_a
D:2:      layout_loops_corners, minmay_pentomino_t4

Skill      XL: |  1  2  3  4 |
---------------+-------------+-----
Dodging        | 2 |  2.1
Stealth        | 1 |  1.1
Fighting       | 2 |  2.0
Unarmed Combat | |  3.5
Spellcasting   | |  2.6
Transmutations | |  2.6

Action                   |  1- 3 |  4- 6 || total
-------------------------+-------+-------++-------
Melee: Unarmed           |   112 |    27 ||   139
       Headbutt          |    11 |     6 ||    17
       Punch             |     2 |     1 ||     3
 Cast: Beastly Appendage |    18 |     4 ||    22
 Abil: Spit Poison       |    24 |     7 ||    31
  Use: Scroll            |     1 |       ||     1
       Potion            |     1 |       ||     1
Armor: Robe              |    19 |     2 ||    21
Dodge: Dodged            |    53 |    15 ||    68

Table legend: (Time is in decaauts)
 A = Elapsed time spent in this place.
 B = Non-inter-level travel time spent in this place.
 C = Inter-level travel time spent in this place.
 D = Time resting spent in this place.
 E = Time spent auto-exploring this place.
 F = Levels seen in this place.
 G = Mean time per level.
                   A        B        C        D        E       F      G
               +--------+--------+--------+--------+--------+-----+--------+
         Total |   3516 |   3471 |     45 |    585 |   2448 |   2 | 1758.0 |
       Dungeon |   3516 |   3471 |     45 |    585 |   2448 |   2 | 1758.0 |
               +--------+--------+--------+--------+--------+-----+--------+

Top non-repeatable levels by time:
     D:1: 2333 daAuts
     D:2: 1183 daAuts
